 Dungeon Crawl Stone Soup version 0.19.4 (webtiles) character file.

320 galech the Cudgeler (level 6, -5/66 HPs)
             Began as an Ogre Fighter on Jan 30, 2017.
             Slain by a mummy (19 damage)
             ... on level 4 of the Dungeon on Jan 31, 2017.
             The game lasted 00:07:24 (2768 turns).

galech the Cudgeler (Ogre Fighter)                  Turns: 2768, Time: 00:07:25

Health: -5/66      AC:  5    Str: 24    XL:     6   Next: 46%
Magic:  6/6        EV: 10    Int:  7    God:
Gold:   120        SH:  9    Dex: 12    Spells: 0 memorised, 5 levels left

rFire  . . .     SeeInvis .     a - +0 flail
rCold  . . .     Gourm    .     b - +0 robe
rNeg   . . .     Faith    .     c - +0 shield
rPois  .         Spirit   .     (helmet restricted)
rElec  .         Reflect  .     n - +1 cloak
rCorr  .         Harm     .     (gloves unavailable)
MR     .....                    (boots unavailable)
Stlth  +.........               (no amulet)
                                (no ring)
                                p - +3 ring of dexterity

@: no status effects
A: unfitting armour, tough skin 1
a: no special abilities


You were on level 4 of the Dungeon.
You were not hungry.

You visited 1 branch of the dungeon, and saw 4 of its levels.

You collected 120 gold pieces.

Inventory:

Hand Weapons
 a - a +0 flail (weapon)
Armour
 b - a +0 robe (worn)
 c - a +0 shield (worn)
 n - a +1 cloak (worn)
Jewellery
 p - a +3 ring of dexterity (left hand)
Scrolls
 i - a scroll of enchant armour
 j - 2 scrolls of fog
 l - 2 scrolls of amnesia
 o - 2 scrolls of teleportation
 s - a scroll of remove curse {unknown}
 t - 2 scrolls of blinking
 v - a scroll of random uselessness {unknown}
 w - a scroll of magic mapping {unknown}
Potions
 d - 2 potions of might
 e - a potion of agility
 k - 3 potions of curing {unknown}
 q - 3 potions of heal wounds {unknown}
 r - 2 potions of brilliance {unknown}
 u - a potion of lignification {unknown}
Comestibles
 f - 3 bread rations
 g - 10 chunks of flesh
 h - a slice of pizza
 m - 3 meat rations


   Skills:
 + Level 5.1 Fighting
 + Level 5.3 Maces & Flails
 + Level 4.0 Dodging
 + Level 4.0 Shields


You had 5 spell levels left.
You didn't know any spells.

Dungeon Overview and Level Annotations

Branches:
Dungeon (4/15)
 Temple: D:4-7

Altars:
Fedhas

Portals:
Ossuary: D:4


Innate Abilities, Weirdness & Mutations

You are too large for most types of armour.
You have tough skin. (AC +1)


Message History

The mummy hits you!
* * * LOW HITPOINT WARNING * * *
You are too injured to fight recklessly!
You are too injured to fight recklessly!
You are too injured to fight recklessly!
You are too injured to fight recklessly!
You are too injured to fight recklessly!
You are too injured to fight recklessly!
You are too injured to fight recklessly!
You are too injured to fight recklessly!
You are too injured to fight recklessly!
You are too injured to fight recklessly!
There is an open door here.
You hit the mummy but do no damage.
The mummy is heavily damaged.
You block the mummy's attack.
You hit the mummy but do no damage.
The mummy is heavily damaged.
The mummy hits you!!
You die...

#### .#. ### ...##### ... ..#
.#.#...# ##.#####.# .......#
......#.# # .#.#...#
#.#...#.# ####.#
...##..#.####.#...#.## #...
##.##..#.............####.#
#.##..### #...@M........#
#.......# #.#####'#####.#
#......#.####..##..^..##..#
.....#.#........##...##...###
..........>......##∩##......#
......##..........###....##.#
#........#####.....#..#.##
.[. ##.##.#### #..........#
### ## #.# #....#.#####


You could see a mummy.

Vanquished Creatures
  A vampire bat (D:3)
  A howler monkey (D:4)
  A hound skeleton (D:4)
  4 gnolls
  3 adders
  A worm (D:2)
  4 dart slugs
  3 fire bats
  A leopard gecko (D:2)
  6 orcs (D:4)
  2 spectral bats
  14 bats
  3 bat skeletons (D:3)
  A bat zombie (D:3)
  A giant cockroach (D:3)
  6 goblins
  3 hobgoblins
  3 jackals (D:1)
  9 kobolds
  3 quokkas
  A bat simulacrum (D:3)
  4 frilled lizards
  14 rats
89 creatures vanquished.

Notes
Turn   | Place    | Note
-------+----------+-------------------------------------------
     0 | D:1      | galech the Ogre Fighter began the quest for the Orb.
     0 | D:1      | Reached XP level 1. HP: 24/24 MP: 1/1
   128 | D:1      | Reached XP level 2. HP: 31/32 MP: 2/2
   319 | D:1      | Upgraded the game from 0.19.3-4-gbf9329e to 0.19.4
   685 | D:2      | Reached XP level 3. HP: 39/40 MP: 3/3
   753 | D:2      | Found a blossoming altar of Fedhas.
  1302 | D:3      | Reached XP level 4. HP: 49/49 MP: 4/4
  1570 | D:3      | Reached XP level 5. HP: 51/55 MP: 5/5
  2038 | D:3      | Reached XP level 6. HP: 65/65 MP: 6/6
  2620 | D:4      | Reached skill level 5 in Fighting
  2620 | D:4      | Reached skill level 5 in Maces & Flails
  2751 | D:4      | Found a sand-covered staircase.
  2768 | D:4      | Slain by a mummy

Skill      XL: |  1  2  3  4  5  6 |
---------------+-------------------+-----
Shields        | 3 4 |  4.0
Maces & Flails | 3 4 5 |  5.3
Dodging        | 3 4 |  4.0
Fighting       | 5 |  5.1

Action                   |  1- 3 |  4- 6 || total
-------------------------+-------+-------++-------
Melee: Flail             |   152 |   182 ||   334
  Use: Scroll            |       |     5 ||     5
  Eat: Chunk             |     2 |     5 ||     7
Armor: Robe              |    58 |   164 ||   222
Dodge: Dodged            |    56 |   167 ||   223
Block: Shield            |    82 |   169 ||   251
